 Dungeon Crawl Stone Soup version 0.29-a0-283-ga02f740833 (webtiles) character file.

Game seed: 8306645840776418343

63 spaghetti the Skirmisher (level 4, 27/55 HPs)
             Began as an Ogre Wanderer on Mar 13, 2022.
             Quit the game on level 2 of the Dungeon.
             The game lasted 00:04:30 (2108 turns).

spaghetti the Skirmisher (Ogre Wanderer)            Turns: 2108, Time: 00:04:30

Health: 27/55      AC:  3    Str: 20    XL:     4   Next: 9%
Magic:  4/4        EV:  9    Int: 10    God:
Gold:   74         SH:  0    Dex:  9    Spells: 3/3 levels left

rFire   . . .      SeeInvis .   a - +1 rapier (elec) {short}
rCold   . . .      Faith    .   (no shield)
rNeg    . . .      Spirit   .   d - +0 robe
rPois   .          Reflect  .   (helmet restricted)
rElec   .          Harm     .   (no cloak)
rCorr   .          Rampage  .   (gloves unavailable)
Will    .....                   (boots unavailable)
Stlth   +.........              (no amulet)
HPRegen 0.18/turn               (no ring)
MPRegen 0.09/turn               (no ring)

@: seriously poisoned (27 -> 4)
A: large, unfitting armour, tough skin 1
a: no special abilities


You were on level 2 of the Dungeon.
You visited 1 branch of the dungeon, and saw 3 of its levels.

You collected 74 gold pieces.


Innate Abilities, Weirdness & Mutations

You are too large for most types of armour.
You have tough skin. (AC +1)


   Skills:
 + Level 7.3 Fighting
 - Level 1.7 Short Blades
 - Level 1.0 Throwing
 - Level 1.7 Dodging
 - Level 1.0 Unarmed Combat


You had 3 spell levels left.
You didn't know any spells.
Your spell library contained the following spells:

 Spells                   Type           Power      Damage    Failure   Level
 Tukima's Dance           Hex            0%         N/A       75%         3
 Airstrike                Air            0%         N/A       98%         4
 Anguish                  Hex/Necr       0%         N/A       98%         4
 Summon Lightning Spire   Summ/Air       0%         N/A       98%         4
 Lightning Bolt           Conj/Air       0%         1d11      100%        5
 Enfeeble                 Hex            0%         N/A       100%        7

Inventory:

Hand Weapons
 a - a +1 rapier of electrocution (weapon) {short}
Missiles
 g - 72 stones (quivered) {throwing}
 h - 4 atropa-tipped darts {throwing}
 r - 6 poisoned darts {throwing}
Armour
 d - a +0 robe (worn)
Magical Staves
 q - a staff of death {!astaff}
   (You found it on level 2 of the Dungeon)
Scrolls
 b - a scroll of fog
 e - 2 scrolls of brand weapon
 i - a scroll of amnesia
 l - 3 scrolls of identify {@r1}
Potions
 f - a potion of ambrosia {unknown}
 m - a potion of haste {unknown}
 o - 2 potions of mutation {!q}
 p - a potion of lignification {unknown}

Dungeon Overview and Level Annotations

Branches:
Dungeon (3/15)

Altars:
Hepliaklqana

Annotations:
D:3 Robin

#..##.#
#.....##.##....#
#...#.#
#.....##.##.##.#
#.#.#.#
########.##.##.#
#.....# #.......#
###.###
##########.####
#.######.......##.#
#........o.....##.#
###.##.#gg###..##.#
#.##.#g@# #..##.#
#.##.#gg###.....#
#.##...g.....####
#............#
##############


You could see an orc (inner flame), a hobgoblin (inner flame, strong) and 5
goblins.


Message History

😮 HP[-10]
You take 10 damage, and now have 33/55 hp.
Unknown command.
Unknown command.
Unknown command.
As you read the scroll labelled SOUDYEWIPT, it crumbles to dust.
It is a scroll of brand weapon.
Your +1 rapier {short} crackles with electricity.
a - a +1 rapier of electrocution (weapon)
{short} You feel sick.
The goblin barely misses you. The goblin hits you with a +0 dagger.
The goblin hits you but does no damage. The goblin hits you with a +0 club.
The goblin closely misses you. 😮 HP[-4]
You take 4 damage, and now have 29/55 hp.
Okay, then.
As you read the scroll labelled BIVVUX PELANA, it crumbles to dust.
It is a scroll of amnesia.
You feel forgetful for a moment.
You feel sick. The goblin hits you with a +0 club.
* * * LOW HITPOINT WARNING * * *
The goblin barely misses you. The goblin hits you but does no damage.
The goblin barely misses you.
The goblin hits you with a +1 dagger of venom.
* * * LOW HITPOINT WARNING * * *
You are more poisoned. 😨 HP[-5]
You take 5 damage, and now have 24/55 hp.
As you read the scroll labelled PEC APTEWIMAOS, it crumbles to dust.
The creatures around you are filled with an inner flame!
It was a scroll of immolation.
You feel sick. The goblin hits you with a +0 club.
* * * LOW HITPOINT WARNING * * *
The goblin hits you with a +0 dagger.
* * * LOW HITPOINT WARNING * * *
The goblin hits you but does no damage. The goblin barely misses you.
The goblin hits you with a +1 dagger of venom.
* * * LOW HITPOINT WARNING * * *
You are lethally poisoned! 😨 HP[-8]
You take 8 damage, and now have 16/55 hp.
You feel better. The goblin closely misses you.
The goblin hits you with a +0 dagger.
* * * LOW HITPOINT WARNING * * *
The goblin hits you with a +0 dagger.
* * * LOW HITPOINT WARNING * * *
The goblin barely misses you.
The goblin hits you with a +1 dagger of venom.
* * * LOW HITPOINT WARNING * * *
You are poisoned. 😨 HP[+7]
You regained 7 hp, and now have 23/55 hp.
As you read the scroll labelled WUUTORORAI, it crumbles to dust.
You hear a loud clanging noise!
It was a scroll of noise.
You feel sick. The goblin barely misses you. x2
The goblin closely misses you. The goblin barely misses you.
The goblin hits you with a +1 dagger of venom.
* * * LOW HITPOINT WARNING * * *
You are lethally poisoned! 😨 HP[-7]
You take 7 damage, and now have 16/55 hp.
Okay, then.
As you read the scroll labelled AHADOO LAWUCEUP, it crumbles to dust.
It is a scroll of identify.
o - 2 potions of mutation
* * * LOW HITPOINT WARNING * * *
You feel very sick. The goblin closely misses you.
The goblin hits you but does no damage. The goblin hits you with a +0 dagger.
* * * LOW HITPOINT WARNING * * *
The goblin hits you but does no damage. The goblin closely misses you. 😱 HP[-9]
You take 9 damage, and now have 7/55 hp.
You feel much better.
You feel very sick. The goblin hits you but does no damage.
The goblin hits you with a +0 dagger.
* * * LOW HITPOINT WARNING * * *
The goblin hits you with a +0 dagger.
* * * LOW HITPOINT WARNING * * *
The goblin hits you but does no damage.
The goblin hits you with a +1 dagger of venom.
* * * LOW HITPOINT WARNING * * *
You are more poisoned. 😨 HP[+14]
You regained 14 hp, and now have 21/55 hp.
You feel much better.
You feel very sick. The goblin barely misses you.
The goblin hits you with a +0 dagger. x2
The goblin barely misses you.
The goblin hits you with a +1 dagger of venom.
* * * LOW HITPOINT WARNING * * *
You are more poisoned. 😨 HP[+6]
You regained 6 hp, and now have 27/55 hp.
Okay, then.
Okay, then.
Are you sure you want to abandon this character and quit the game? (Confirm with "yes".)
Okay, then.
Unknown command.
Unknown command.
Are you sure you want to abandon this character and quit the game? (Confirm with "yes".)

Skill      XL: |  1  2  3 |
---------------+----------+-----
Fighting       | 6 7 |  7.3
Short Blades   | |  1.7
Throwing       | |  1.0
Dodging        | |  1.7
Unarmed Combat | |  1.0

Action                   |  1- 3 |  4- 6 || total
-------------------------+-------+-------++-------
Melee: Rapier            |   107 |    11 ||   118
       Punch             |     1 |       ||     1
  Use: Potion            |     1 |     3 ||     4
       Scroll            |       |     5 ||     5
 Stab: Sleeping          |     1 |       ||     1
Armor: Robe              |    35 |    15 ||    50
Dodge: Dodged            |    52 |    29 ||    81

Levels and vault maps discovered:
D:1:      enne_arrival_octagon_isle, layout_basic,
          hellmonk_ecumenical_altar_run_dry, corexii_hall_statues_s,
          minmay_misc_feat_roman
D:2:      layout_loops_cross, basic_altar
D:3:      layout_basic, grunt_dithmenos_smoke_and_mirrors,
          gammafunk_ghost_grave, uniq_robin, uniq_terence,
          uniq_crazy_yiuf_cottage

Notes
Turn   | Place    | Note
-------+----------+-------------------------------------------
     0 | D:1      | spaghetti the Ogre Wanderer began the quest for the Orb.
     0 | D:1      | spaghetti set off with the following items: a +1 rapier
                  | {short}, a scroll of fog, a potion of curing {@q1}, a +0
                  | robe
     0 | D:1      | Reached XP level 1. HP: 27/27 MP: 1/1
     0 | D:1      | magus.rc [v1.9.6]
   219 | D:1      | Reached XP level 2. HP: 21/36 MP: 2/2
   372 | D:1      | Reached skill level 6 in Fighting
   524 | D:1      | You pick up a book of Maledictions and begin reading...
   524 | D:1      | You add the spells Tukima's Dance, Anguish and Enfeeble to
                  | your library.
   713 | D:1      | Reached XP level 3. HP: 45/45 MP: 3/3
   967 | D:1      | Found a faded altar of an unknown god.
  1181 | D:2      | You pick up a book of Storms and begin reading...
  1181 | D:2      | You add the spells Airstrike, Summon Lightning Spire and
                  | Lightning Bolt to your library.
  1459 | D:2      | Found a hazy altar of Hepliaklqana.
  1581 | D:2      | Reached skill level 7 in Fighting
  1790 | D:2      | Reached XP level 4. HP: 34/55 MP: 4/4
  2060 | D:3      | Noticed Robin
  2105 | D:2      | HP: 12/55 [poisoned by a goblin]
  2108 | D:2      | Quit the game

Vanquished Creatures
  An adder (D:2)
  A dart slug (D:2)
  6 endoplasms
  A giant cockroach (D:1)
  5 goblins
  4 hobgoblins
  3 jackals (D:2)
  3 kobolds
  5 quokkas
  6 ball pythons
  3 bats
  4 frilled lizards
  5 rats
47 creatures vanquished.

Table legend:
 A = Non-vault XP
 B = Vault XP
 C = Vault XP percentage of total XP
 D = Non-vault monster count
 E = Vault monster count
 F = Vault count percentage of total count
                 A         B        C        D         E       F
            +---------+---------+-------+---------+---------+-------
      Total |      88 |       2 |   2.2 |      46 |       1 |   2.1
            +---------+---------+-------+---------+---------+-------
        D:1 |      41 |       0 |   0.0 |      26 |       0 |   0.0
        D:2 |      43 |       2 |   4.4 |      18 |       1 |   5.3
        D:3 |       4 |       0 |   0.0 |       2 |       0 |   0.0
            +---------+---------+-------+---------+---------+-------

Illustrated notes

Table legend:
 A = Kills in this place as a percentage of kills in entire the game.
 B = Kills by you in this place as a percentage of kills by you in the entire game.
 C = Kills by friends in this place as a percentage of kills by friends in the entire game.
 D = Other kills in this place as a percentage of other kills in the entire game.
 E = Experience gained in this place as a percentage of experience gained in the entire game.
 F = Experience gained in this place divided by the number of levels of this place that you have seen.
                   A       B       C       D       E      F
               +-------+-------+-------+-------+-------+----------------------
         Total | 100.0 | 100.0 |   N/A |   N/A | 100.0 |  30.0
       Dungeon | 100.0 | 100.0 |   N/A |   N/A | 100.0 |  30.0
               +-------+-------+-------+-------+-------+----------------------

Table legend: (Time is in decaauts)
 A = Elapsed time spent in this place.
 B = Non-inter-level travel time spent in this place.
 C = Inter-level travel time spent in this place.
 D = Time resting spent in this place.
 E = Time spent auto-exploring this place.
 F = Levels seen in this place.
 G = Mean time per level.
                   A        B        C        D        E       F      G
               +--------+--------+--------+--------+--------+-----+--------+
         Total |   2122 |   2087 |     35 |    233 |   1372 |   3 |  707.3 |
       Dungeon |   2122 |   2087 |     35 |    233 |   1372 |   3 |  707.3 |
               +--------+--------+--------+--------+--------+-----+--------+

Top non-repeatable levels by time:
     D:1: 1166 daAuts
     D:2: 932 daAuts
     D:3: 22 daAuts
